 Dungeon Crawl Stone Soup version 0.28.0-47-ge53b351184 (webtiles) character file.

Game seed: 1388587334585290598

3427 warriortoast the Thaumaturge (level 9, -3/45 HPs)
             Began as a Deep Elf Fire Elementalist on Apr 26, 2022.
             Was a Follower of Vehumet.
             Slain by a red ugly thing (5 damage)
             ... on level 7 of the Dungeon.
             The game lasted 00:32:59 (9973 turns).

warriortoast the Thaumaturge (DEFE)                 Turns: 9973, Time: 00:32:59

Health: -3/45      AC:  6    Str:  5    XL:     9   Next: 76%
Magic:  10/27      EV: 12    Int: 25    God:    Vehumet [*.....]
Gold:   440        SH:  5    Dex: 15    Spells: 18/32 levels left

rFire   . . .      SeeInvis .   d - +1 short sword (protect)
rCold   . . .      Faith    .   (no shield)
rNeg    . . .      Spirit   .   a - +0 robe
rPois   +          Reflect  +   n - +0 helmet
rElec   .          Harm     .   (no cloak)
rCorr   .          Rampage  .   m - +2 pair of gloves
Will    .....                   (no boots)
Stlth   ++........              b - amulet of reflection
HPRegen 0.15/turn               r - ring of poison resistance
MPRegen 0.20/turn               o - ring of flight

@: flying
A: no striking features
a: Renounce Religion


You were on level 7 of the Dungeon.
You worshipped Vehumet.
Vehumet was aware of your devotion.
You visited 2 branches of the dungeon, and saw 8 of its levels.
You also visited: Sewer.

You collected 440 gold pieces.

Inventory:

Hand Weapons
 d - a +1 short sword of protection (weapon)
 i - a +0 dagger of electrocution
Missiles
 B - 5 throwing nets
Armour
 a - a +0 robe (worn)
 m - a +2 pair of gloves (worn)
 n - a +0 helmet (worn)
Jewellery
 b - an amulet of reflection (around neck)
 f - a ring of protection from cold
 o - a ring of flight (right hand)
 r - a ring of poison resistance (left hand)
Wands
 p - a wand of flame (11)
 A - a wand of acid (13)
Scrolls
 c - a scroll of amnesia
 e - a scroll of magic mapping {unknown}
 h - 3 scrolls of identify
 l - a scroll of immolation {unknown}
 y - a scroll of teleportation {unknown}
 C - a scroll of fog
 E - a scroll of vulnerability {unknown}
Potions
 g - 2 potions of flight
 j - 4 potions of attraction
 k - 5 potions of curing
 q - a potion of lignification {unknown}
 s - a potion of mutation {unknown}
 t - 3 potions of haste {unknown}
 u - 4 potions of invisibility {unknown}
 v - 2 potions of heal wounds {unknown}
 w - a potion of resistance {unknown}
 x - 2 potions of magic {unknown}
 z - a potion of ambrosia {unknown}
 D - a potion of cancellation {unknown}


   Skills:
 - Level 2.4 Dodging
 - Level 2.4 Stealth
 + Level 12.2 Spellcasting
 + Level 6.2 Conjurations
 + Level 10.2 Fire Magic


You had 18 spell levels left.
You knew the following spells:

 Your Spells              Type           Power      Damage    Failure   Level
a - Foxfire               Conj/Fire      100%       2x1d9     1%          1
b - Scorch                Fire           100%       2d10      1%          2
c - Conjure Flame         Conj/Fire      54%        6-21      1%          3
d - Inner Flame           Hex/Fire       41%        N/A       1%          3
e - Flame Wave            Conj/Fire      54%        2d11      1%          4
f - Shock                 Conj/Air       100%       1d9       1%          1

Your spell library contained the following spells:

 Spells                   Type           Power      Damage    Failure   Level
 Animate Skeleton         Necr           30%        N/A       4%          1
 Pain                     Necr           60%        1d7       4%          1
 Gell's Gravitas          Tloc           15%        N/A       12%         3
 Teleport Other           Tloc           15%        N/A       12%         3
 Vampiric Draining        Necr           15%        2d7       12%         3
 Animate Dead             Necr           7%         N/A       36%         4
 Borgnjor's Vile Clutch   Necr/Erth      7%         N/A       73%         5
 Conjure Ball Lightning   Conj/Air       15%        3x3d6     86%         6
 Death Channel            Necr           7%         N/A       99%         6
 Dispersal                Tloc           7%         N/A       99%         6
 Discord                  Hex            7%         N/A       100%        8
 Disjunction              Tloc           7%         N/A       100%        8


Dungeon Overview and Level Annotations

Branches:
Dungeon (7/15)             Temple (1/1) D:5           Sewer (visited)

Altars:
Ashenzari
Cheibriados
Dithmenos
Elyvilon
Fedhas
Gozag
Hepliaklqana
Makhleb
Nemelex Xobeh
Okawaru
Qazlal
Ru
Sif Muna
Trog
Uskayaw
Vehumet
Wu Jian
Yredelemnul
Zin
The Shining One


Message History

The red ugly thing is lightly wounded.
The foxfire hits the red ugly thing.
The red ugly thing resists.
The red ugly thing is lightly wounded.
Casting: Foxfire (safe; 1% risk of failure)
Confirm with . or Enter, or press ? or * to list all spells.
The fire begins to smoulder!
The fire ignites!
Casting: Conjure Flame (safe; 1% risk of failure)
Confirm with . or Enter, or press ? or * to list all spells.
The fire begins to smoulder!
The red ugly thing is engulfed in blazing flames.
The red ugly thing smothers the flame.
Casting: Conjure Flame (safe; 1% risk of failure)
Confirm with . or Enter, or press ? or * to list all spells.
Flames lash the red ugly thing.
The red ugly thing resists.
The red ugly thing is lightly wounded.
The red ugly thing's fire resistance burns away.
The red ugly thing headbutts you!
You are engulfed in flames!
Casting: Scorch (safe; 1% risk of failure)
Confirm with . or Enter, or press ? or * to list all spells.
Flames lash the red ugly thing.
The red ugly thing is moderately wounded.
The red ugly thing headbutts you.
You are engulfed in flames!
* * * LOW HITPOINT WARNING * * *
Casting: Scorch (safe; 1% risk of failure)
Confirm with . or Enter, or press ? or * to list all spells.
Flames lash the red ugly thing.
The red ugly thing is heavily wounded.
The red ugly thing closely misses you.
Casting: Scorch (safe; 1% risk of failure)
Confirm with . or Enter, or press ? or * to list all spells.
Flames lash the red ugly thing.
The red ugly thing is heavily wounded.
The red ugly thing headbutts you but does no damage.
Casting: Scorch (safe; 1% risk of failure)
Confirm with . or Enter, or press ? or * to list all spells.
Flames lash the red ugly thing.
The red ugly thing is severely wounded.
The red ugly thing headbutts you.
You die...

#####..##..........####..........
##.#...............#.#...........
........###...............)......
...##............................
.................................
...............#.##............#.
...............#.#ยง.)..........#.
........###).....u#.....##.......
....#.<## ##..#.@##..###.........
...###.## #........##..........
........## #..#........>.........
.....).......###...##............
..#.###......#......##........##.
..#..# ..###(.)....###.####...###
.....# ###..#...##.#####..##.
....## ##.........#.#.#...#. ###.#
#..........#.......#.


You could see a red ugly thing (combustible).

Vanquished Creatures
  Harold (D:7)
  A troll (D:5)
  Grinder (Sewer)
  2 orc warriors
  2 black bears
  A sky beast (D:6)
  4 necrophages
  3 ogres
  A centaur (D:4)
  2 phantoms
  A kobold brigand (Sewer)
  A gnoll sergeant (D:5)
  A scorpion (D:6)
  2 water moccasin skeletons
  A wyvern skeleton (D:7)
  A wight (Sewer)
  A bullfrog zombie (D:6)
  2 orc priests (D:5)
  A hound (D:4)
  A jelly (D:6)
  A centaur skeleton (D:6)
  A bullfrog skeleton (D:5)
  3 iguanas
  An orc wizard (D:3)
  A howler monkey zombie (D:5)
  9 gnolls
  4 howler monkey skeletons
  2 river rats (D:4)
  8 adders
  5 shadow imps
  2 white imps
  2 ufetubi (Sewer)
  5 worms
  A dart slug (D:1)
  16 orcs
  8 ball pythons
  11 endoplasms
  7 giant cockroaches
  6 goblins
  8 hobgoblins
  3 jackals (D:1)
  6 quokkas
  3 bats
  11 frilled lizards
  A giant cockroach zombie (Sewer)
  30 kobolds
  6 rats
191 creatures vanquished.

Vanquished Creatures (collateral kills)
  3 foxfires (D:1)
3 creatures vanquished.

Vanquished Creatures (others)
  663 foxfires
  7 plants (D:1)
670 creatures vanquished.

Grand Total: 864 creatures vanquished

Notes
Turn   | Place    | Note
-------+----------+-------------------------------------------
     0 | D:1      | warriortoast the Deep Elf Fire Elementalist began the quest
                  | for the Orb.
     0 | D:1      | Reached XP level 1. HP: 10/10 MP: 6/6
   516 | D:1      | Reached XP level 2. HP: 15/15 MP: 5/8
   889 | D:1      | Reached XP level 3. HP: 16/19 MP: 0/10
  1189 | D:1      | Reached skill level 4 in Spellcasting
  1999 | D:2      | Found a faded altar of an unknown god.
  2006 | D:2      | Reached XP level 4. HP: 24/24 MP: 9/12
  2767 | D:3      | Reached skill level 5 in Spellcasting
  2767 | D:3      | Reached XP level 5. HP: 28/28 MP: 1/14
  2770 | D:3      | Learned a level 2 spell: Scorch
  2774 | D:3      | Learned a level 3 spell: Conjure Flame
  2778 | D:3      | Learned a level 3 spell: Inner Flame
  2783 | D:3      | Learned a level 4 spell: Flame Wave
  3240 | D:3      | Reached skill level 5 in Fire Magic
  3801 | D:4      | Reached XP level 6. HP: 32/32 MP: 4/16
  3864 | D:4      | Reached skill level 6 in Spellcasting
  4065 | D:4      | Found a glowing drain.
  4069 | Sewer    | Entered a sewer
  4321 | Sewer    | Found an ancient bone altar of Kikubaaqudgha.
  4404 | Sewer    | Reached skill level 7 in Spellcasting
  4404 | Sewer    | Reached XP level 7. HP: 36/36 MP: 11/19
  4475 | Sewer    | Noticed Grinder
  4485 | Sewer    | Killed Grinder
  5414 | D:5      | Entered Level 5 of the Dungeon
  5557 | D:5      | Noticed a troll
  5569 | D:5      | Reached skill level 8 in Spellcasting
  5985 | D:5      | Found a staircase to the Ecumenical Temple.
  6007 | Temple   | Entered the Ecumenical Temple
  6218 | Temple   | Became a worshipper of Vehumet
  6336 | D:5      | Reached XP level 8. HP: 41/41 MP: 16/22
  6536 | D:5      | HP: 2/41 [orc priest/divine providence (16)]
  6878 | D:5      | Killed a troll
  6879 | D:5      | Reached skill level 9 in Spellcasting
  8054 | D:6      | Reached skill level 10 in Spellcasting
  8081 | D:6      | Reached skill level 5 in Conjurations
  8746 | D:6      | Reached XP level 9. HP: 45/45 MP: 17/25
  8810 | D:6      | Reached * piety under Vehumet
  8810 | D:6      | Offered knowledge of Shock by Vehumet.
  8813 | D:6      | Learned a level 1 spell: Shock
  9079 | D:7      | Noticed Harold
  9343 | D:7      | Reached skill level 11 in Spellcasting
  9628 | D:7      | Killed Harold
  9629 | D:7      | Reached skill level 12 in Spellcasting
  9629 | D:7      | Reached skill level 10 in Fire Magic
  9956 | D:7      | Noticed a red ugly thing
  9970 | D:7      | HP: 2/45 [red ugly thing (13)]
  9973 | D:7      | Slain by a red ugly thing

Illustrated notes

Levels and vault maps discovered:
D:1:      mrwooster_arrival_arrow, layout_basic, serial_glass, glass_columns_b,
          glass_columns_c, lexackson_kobold_supper
D:2:      layout_loops_ring, hellmonk_ecumenical_altar_zigzags
D:3:      layout_loops_ring
D:4:      layout_loops_ring, gup_sewer_entry_spiral,
          minmay_fractal_squares_gapless_5
D:5:      layout_loops_ring, minmay_temple_entry_junction,
          kennysheep_generic_room_12
D:6:      layout_layer_cave
D:7:      layout_cave_pools, uniq_harold
Temple:   mainiacjoe_temple_hex_bubbles

Skill      XL: |  1  2  3  4  5  6  7  8  9 |
---------------+----------------------------+-----
Fire Magic     | 4 5 6 7 9 10 | 10.2
Spellcasting   | 4 5 7 8 10 12 | 12.2
Conjurations   | 2 3 4 5 6 |  6.2
Dodging        | |  2.4
Stealth        | |  2.4

Action                   |  1- 3 |  4- 6 |  7- 9 || total
-------------------------+-------+-------+-------++-------
Melee: Short sword       |       |     4 |       ||     4
 Cast: Foxfire           |   104 |   110 |   192 ||   406
       Scorch            |       |    28 |    73 ||   101
       Conjure Flame     |       |       |    10 ||    10
  Use: Scroll            |       |       |     8 ||     8
 Stab: Sleeping          |       |     2 |       ||     2
Armor: Robe              |     3 |     5 |     5 ||    13
Dodge: Dodged            |     8 |    10 |     6 ||    24
Block: Other             |     6 |     4 |     2 ||    12
